 Dungeon Sprint DCSS version 0.21.1-1-g345015f (webtiles) character file.

1100000 doot the Slayer (level 15, -4/158 HPs)
             Began as a Ghoul Warper on May 3, 2018.
             Was a Believer of Makhleb.
             Slain by a bag of meat
             ... wielding a +9 war axe
              (10 damage)
             ... in the Dungeon (Sprint VIII: "Arena of Blood").
             The game lasted 00:00:32 (11 turns).

doot the Slayer (Ghoul Warper)                        Turns: 11, Time: 00:00:32

Health: -4/158     AC:  3    Str: 17    XL:     15   Next: 63%
Magic:  3/37       EV: 23    Int:  8    God:    Makhleb [**....]
Gold:   0          SH:  0    Dex: 13    Spells: 53/53 levels left

rFire    . . .     SeeInvis .   k - +∞ Axe of Woe
rCold    + . .     Gourm    .   (shield currently unavailable)
rNeg     + + +     Faith    .   a - +0 leather armour
rPois    ∞         Spirit   .   (no helmet)
rElec    .         Reflect  .   (no cloak)
rCorr    .         Harm     .   (no gloves)
MR       +....     NoTele   +   (no boots)
Stlth    +.........             (no amulet)
HPRegen  0.00/turn              (no ring)
MPRegen  0.25/turn              (no ring)

@: rotting
A: rotting body, claws 1, carnivore, cold resistance 1, negative energy
resistance 3, inhibited regeneration, torment resistance, unbreathing
a: Minor Destruction, Renounce Religion


You were in the Dungeon.
You worshipped Makhleb.
Makhleb was pleased with you.
You were not hungry.

You visited 1 branch

Inventory:

Hand Weapons
 k - the +∞ Axe of Woe (weapon)
   (You found it in the Dungeon)
Missiles
 d - 5 tomahawks of dispersal (quivered)
Armour
 a - a +0 leather armour (worn)
Scrolls
 c - 2 scrolls of blinking
Potions
 e - a potion of curing
 g - a potion of heal wounds
 h - a potion of haste
 i - 2 potions of magic
 j - a potion of berserk rage
Books
 b - a book of Spatial Translocations

   Spells                             Type                      Level
   a - Blink                          Translocation                2
   b - Shroud of Golubria             Charms/Translocation         2
   c - Lesser Beckoning               Translocation                3
   d - Gell's Gravitas                Translocation                3
   e - Teleport Other                 Translocation                3
   f - Passage of Golubria            Translocation                4
Comestibles
 f - a ration


   Skills:
 + Level 21.3 Fighting
 + Level 10.1 Axes
 + Level 7.6 Throwing
 + Level 6.2 Armour
 + Level 17.6 Dodging
 + Level 20.7 Unarmed Combat
 + Level 19.7 Spellcasting
   Level 2.6 Translocations


You had 53 spell levels left.
You didn't know any spells.

Dungeon Overview and Level Annotations

Branches:
Dungeon (1/1)

Altars:
Makhleb


Innate Abilities, Weirdness & Mutations

Your body is rotting away.
You thrive on raw meat.
You are immune to poison.
You have sharp fingernails.
You are carnivorous and can eat meat at any time.
Your flesh is cold resistant. (rC+)
You are immune to negative energy. (rN+++)
You do not regenerate when monsters are visible.
You are immune to unholy pain and torment.
You can survive without breathing.


Message History

Makhleb accepts your kill.
Your Fighting skill increases to level 20!
Your Axes skill increases to level 9!
Your Throwing skill increases to level 7!
Your Spellcasting skill increases to level 19!
You have reached level 15!
Your experience leads to an increase in your attributes!
Increase (S)trength, (I)ntelligence, or (D)exterity?
You feel agile.
You feel stronger.
You hit the bag of meat.
You hew the bag of meat savagely.
You kill the bag of meat!
Makhleb accepts your kill.
You can now harness Makhleb's destructive might.
Your Fighting skill increases to level 21!
Your Axes skill increases to level 10!
Your Armour skill increases to level 6!
Your Dodging skill increases to level 17!
Your Unarmed Combat skill increases to level 20!
You hear a shout! x7
The bag of meat hits you with a +9 war axe!
You die...

.. ..... #.
...# #.. ...# .
.###.. ...###..
......###......
......_.o...
#o.)).# #_.@._#
#..o..#
......_o....
......###......
.###.. ...###..
#.. ...# . #.
...# .. .....


You could see 4 bags of meat.

Vanquished Creatures
  An ogre (D)
  4 orcs (D)
5 creatures vanquished.

Notes
Turn   | Place    | Note
-------+----------+-------------------------------------------
     0 | D        | Found the +∞ Axe of Woe
     0 | D        | doot the Ghoul Warper began the quest for the Orb.
     0 | D        | Reached XP level 1. HP: 17/17 MP: 2/2
     3 | D        | Noticed a bag of meat
     4 | D        | Noticed a bag of meat
     4 | D        | Became a worshipper of Makhleb the Destroyer
     5 | D        | Noticed a bag of meat
     6 | D        | Noticed a bag of meat
     7 | D        | Noticed a bag of meat
     8 | D        | Noticed a bag of meat
     8 | D        | Noticed a bag of meat
     9 | D        | Noticed a meat berserker
     9 | D        | Noticed a bag of meat
     9 | D        | Killed a bag of meat
     9 | D        | Reached skill level 14 in Fighting
     9 | D        | Reached XP level 2. HP: 47/47 MP: 2/15
     9 | D        | Reached XP level 3. HP: 53/53 MP: 2/17
     9 | D        | Reached XP level 4. HP: 61/61 MP: 2/18
     9 | D        | Reached XP level 5. HP: 68/68 MP: 2/20
     9 | D        | Reached XP level 6. HP: 75/75 MP: 2/21
     9 | D        | Reached XP level 7. HP: 82/82 MP: 2/23
     9 | D        | Reached XP level 8. HP: 90/90 MP: 2/24
     9 | D        | Reached XP level 9. HP: 96/96 MP: 2/25
     9 | D        | Reached XP level 10. HP: 104/104 MP: 2/26
     9 | D        | Reached XP level 11. HP: 111/111 MP: 2/27
     9 | D        | Reached XP level 12. HP: 118/118 MP: 2/28
    10 | D        | Killed a meat berserker
    10 | D        | Reached * piety under Makhleb
    10 | D        | Reached skill level 18 in Fighting
    10 | D        | Reached skill level 5 in Armour
    10 | D        | Reached skill level 15 in Dodging
    10 | D        | Reached XP level 13. HP: 23/134 MP: 2/33
    10 | D        | Reached XP level 14. HP: 24/143 MP: 2/34
    10 | D        | Killed a bag of meat
    10 | D        | Reached skill level 19 in Fighting
    10 | D        | HP: 6/146 [bag of meat/+9 war axe (19)]
    11 | D        | Killed a bag of meat
    11 | D        | Reached skill level 20 in Fighting
    11 | D        | Reached XP level 15. HP: 6/156 MP: 2/37
    11 | D        | Reached ** piety under Makhleb
    11 | D        | Reached skill level 21 in Fighting
    11 | D        | Reached skill level 10 in Axes
    11 | D        | Slain by a bag of meat

Skill      XL: |  1  2  3  4  5  6  7  8  9 10 11 12 13 14 15 |
---------------+----------------------------------------------+-----
Fighting       | 14 18 20 21 | 21.3
Axes           | 4 7 9 10 | 10.1
Throwing       | 4 6 7 |  7.6
Armour         | 3 5 6 |  6.2
Dodging        | 12 15 16 17 | 17.6
Unarmed Combat | 14 17 19 20 | 20.7
Spellcasting   | 13 17 19 | 19.7
Translocations | |  2.6

Action                   |  1- 3 |  4- 6 |  7- 9 | 10-12 | 13-15 || total
-------------------------+-------+-------+-------+-------+-------++-------
Melee: Executioner's axe |     1 |       |       |     1 |     1 ||     3
